 Dungeon Crawl Stone Soup version 0.30-a0-840-ga523dec638 (webtiles) character file.

Game seed: 9854609901608771176

33506 hikkokomori the Fighter (level 13, -2/113 HPs)
             Began as a Green Draconian Conjurer on Mar 1, 2023.
             Was an Elder of Vehumet.
             Engulfed by a cloud of freezing vapour (27 damage)
             ... in an ice cave on Mar 2, 2023.
             The game lasted 00:51:15 (15257 turns).

hikkokomori the Fighter (Green Draconian Conjurer) Turns: 15257, Time: 00:51:15

Health: -2/113     AC: 16    Str: 13    XL:     13   Next: 37%
Magic:  25/25      EV: 20    Int: 18    God:    Vehumet [****..]
Gold:   651        SH: 10    Dex: 15    Spells: 10/29 levels left

rFire   . . .      SeeInvis +    b - +11 hammer of the Stopping Gods {venom, SInv}
rCold   . . .      Faith    .    U - +0 buckler
rNeg    . . .      Spirit   .    (body armour unavailable)
rPois   +          Reflect  +    W - +1 hat
rElec   +          Harm     .    O - +2 cloak {rPois}
rCorr   .          Rampage  .    f - +2 pair of gloves
Will    +....                    i - +0 pair of boots
Stlth   ++++                     K - amulet of reflection
HPRegen 0.38/turn                p - ring of the Fool {rElec Will+ Str+3}
MPRegen 0.19/turn                E - +5 ring of evasion

@: slowed, very slow
A: breathe noxious fumes, AC +8, unfitting armour, poison resistance,
cold-blooded
a: Breathe Noxious Fumes, Renounce Religion


You were in an ice cave.
You worshipped Vehumet.
Vehumet was greatly pleased with you.
You visited 3 branches of the dungeon, and saw 14 of its levels.
You also visited: Ice Cave.

You collected 871 gold pieces.
You spent 220 gold pieces at shops.

Inventory:

Hand Weapons
 b - the +11 hammer of the Stopping Gods (weapon) {venom, SInv}
   (You took it off a gnoll bouda on level 7 of the Dungeon)

   SInv:      It lets you see invisible.
 g - the +2 hammer of Dried Tears {elec, rF+ Will+ Str+3 Stlth+}
   (You found it on level 7 of the Dungeon)

   Str:       It affects your strength (+3).
   rF:        It protects you from fire.
   Will:      It increases your willpower.
   Stlth:     It makes you more stealthy.
 F - a +0 dagger of draining
 Y - a +0 demon whip of venom
Missiles
 t - 45 poisoned darts
Armour
 f - a +2 pair of gloves (worn)
 i - a +0 pair of boots (worn)
 O - a +2 cloak of poison resistance (worn)
 U - a +0 buckler (worn)
 W - a +1 hat (worn)
Magical Staves
 n - a staff of earth
Jewellery
 j - a +4 ring of slaying
 p - the ring of the Fool (left hand) {rElec Will+ Str+3}
   (You acquired it on level 9 of the Dungeon)

   [ring of willpower]

   Str:       It affects your strength (+3).
   rElec:     It insulates you from electricity.
   Will:      It increases your willpower.
 s - a ring of see invisible
 y - a +6 ring of dexterity
 C - a +4 ring of slaying
 E - a +5 ring of evasion (right hand)
 I - a ring of positive energy
 K - an amulet of reflection (around neck)
 R - a +6 ring of strength
Wands
 q - a wand of polymorph (3)
 w - a wand of roots (7)
 A - a wand of digging (9)
 H - a wand of paralysis (3)
 M - a wand of flame (21)
 S - a wand of mindburst (7)
Scrolls
 h - 5 scrolls of blinking
 r - 6 scrolls of teleportation
 x - 2 scrolls of amnesia {unknown}
 B - 3 scrolls of immolation
 D - 5 scrolls of fear
 G - 2 scrolls of enchant weapon {unknown}
 L - a scroll of brand weapon {unknown}
 N - a scroll of enchant armour
 P - a scroll of magic mapping
 X - a scroll of vulnerability {unknown}
 Z - a scroll of poison {unknown}
Potions
 a - 3 potions of magic
 c - 2 potions of heal wounds
 d - a potion of flight {unknown}
 e - a potion of cancellation
 k - 2 potions of brilliance
 l - 3 potions of lignification
 m - 4 potions of mutation
 o - 3 potions of haste
 u - a potion of invisibility
 v - a potion of curing
 J - 2 potions of resistance
 Q - a potion of berserk rage
 T - a potion of might
 V - a potion of ambrosia


   Skills:
 + Level 10.3 Fighting
 + Level 7.0 Maces & Flails
 - Level 7.5 Dodging
 + Level 7.7 Stealth
 + Level 5.7 Shields
 - Level 8.9 Spellcasting
 - Level 8.5 Conjurations
 - Level 5.0 Hexes
 - Level 4.9 Earth Magic
 - Level 9.0 Poison Magic


You had 10 spell levels left.
You knew the following spells:

 Your Spells              Type           Power      Damage    Failure   Level
a - Magic Dart            Conj           100%       1d8       1%          1
b - Searing Ray           Conj           76%        2d7       1%          2
c - Mephitic Cloud        Conj/Pois/Air  29%        N/A       1%          3
d - Olgreb's Toxic Radia  Pois           40%        N/A       1%          4
e - Fulminant Prism       Conj/Hex       16%        3d11      1%          4
f - Iskenderun's Mystic   Conj/Tloc      23%        2d6       5%          4
g - Sandblast             Erth           50%        2d12      1%          1

Your spell library contained the following spells:

 Spells                   Type           Power      Damage    Failure   Level
 Irradiate                Conj/Tmut      11%        3d15      14%         5
 Sting                    Tmut/Pois      96%        1d7       1%          1
 Poisonous Vapours        Pois/Air       48%        N/A       1%          2
 Dazzling Flash           Conj/Hex       64%        N/A       1%          3
 Cigotuvi's Dreadful Rot  Necr/Pois/Air  36%        N/A       4%          2
 Frozen Ramparts          Ice            16%        1d3       10%         3
 Apportation              Tloc           16%        N/A       12%         1
 Call Imp                 Summ           8%         N/A       17%         2
 Lesser Beckoning         Tloc           16%        N/A       17%         2
 Gell's Gravitas          Tloc           8%         N/A       34%         3
 Teleport Other           Tloc           8%         N/A       34%         3
 Alistair's Intoxication  Tmut/Pois      16%        N/A       43%         5
 Ice Form                 Ice/Tmut       8%         N/A       75%         4
 Summon Ice Beast         Ice/Summ       8%         N/A       75%         4
 Spellforged Servitor     Conj/Summ      11%        N/A       97%         7
 Summon Cactus Giant      Summ           4%         N/A       100%        6
 Summon Hydra             Summ           4%         N/A       100%        7


Dungeon Overview and Level Annotations

Branches:
Dungeon (10/15)            Temple (1/1) D:7            Lair (3/5) D:8
  Swamp (0/4) Lair:3       Spider (0/4) Lair:2          Orc (0/2) D:10
  IceCv (1/1)

Altars:
Ashenzari
Cheibriados
Dithmenos
Elyvilon
Fedhas
Gozag
Hepliaklqana
Kikubaaqudgha
Makhleb
Nemelex Xobeh
Okawaru
Qazlal
Ru
Sif Muna
Trog
Uskayaw
Vehumet
Wu Jian
Xom
Yredelemnul
Zin
The Shining One

Shops:
D:3 :

Annotations:
Lair:1 exclusion: 2 oklob plants


Innate Abilities, Weirdness & Mutations

You can breathe blasts of noxious fumes.
Your lurid green scales are hard. (AC +8)
You cannot fit into any form of body armour.
Your system is resistant to poisons. (rPois)
You are cold-blooded and may be slowed by cold attacks.


Message History

You hit the ice statue.
The ice statue is almost destroyed.
You block the ice beast's attack. The ice statue gestures at you.
The bolt of cold misses you.
The ice beast hits you but does no damage. x2
You hit the ice statue but do no damage.
The ice statue is almost destroyed.
You block the ice beast's attack. The ice statue gestures at you.
The freezing blast engulfs you but does no damage.
The ice beast misses you. You block the ice beast's attack.
You hit the ice statue but do no damage.
You tail-slap the ice statue, but do no damage.
The ice statue is almost destroyed.
You are engulfed in freezing vapours.
You feel yourself slow down. You block the ice beast's attack.
The ice statue gestures at you. The shard of ice hits you!
The ice beast closely misses you.
The ice beast hits you but does no damage. x2
You hit the ice statue but do no damage.
The ice statue is almost destroyed.
You are engulfed in freezing vapours.
You feel as though you will be slow longer.
* * * LOW HITPOINT WARNING * * *
The ice beast completely misses you. The ice beast closely misses you.
You block the ice beast's attack. The ice beast closely misses you.
The ice statue gestures at you.
The shard of ice reflects off an invisible shield around you!
The shard of ice hits the ice statue!
The ice statue partially resists.
You destroy the ice statue!
Vehumet accepts your kill.
The ice beast disappears in a puff of smoke! x3
Your Maces & Flails skill increases to level 7!
Blink to where?
Press: ? - help, Dir - move target, f - you
Okay, then.
Unknown command.
You are engulfed in freezing vapours.
You die...

######## ########
#......## ##...@○°##
.##.....####..###°°.#
#####....#...###°○°☼)#
≈≈≈≈####...### ##°..##
≈≈≈## ##### ..### ≈≈##
#.. ≈≈≈≈ .## ≈≈≈#. #
≈≈#...


There were no monsters in sight!

Vanquished Creatures
  Gastronok (Lair:2)
  A boulder beetle (Lair:3)
  A hydra (Lair:3)
  3 two-headed ogres
  Erica (Lair:2)
  Amaemon (Lair:2)
  An orb spider (Lair:2)
  Pikel (D:7)
  An ugly thing (IceCv)
  A black mamba (Lair:3)
  An ice statue (IceCv)
  Joseph (Lair:1)
  An orange demon (Lair:2)
  3 cane toads
  Maggie (D:10)
  2 rime drakes (Lair:3)
  An efreet (D:9)
  12 polar bears
  Prince Ribbit (D:7)
  4 blink frogs (Lair:1)
  Sigmund (D:5)
  A slime creature (D:10)
  3 wyverns
  A vampire (D:7)
  A spriggan (D:10)
  49 yaks
  4 basilisks
  A steam dragon (D:6)
  7 vampire mosquitoes
  A warg (D:10)
  2 acid dragons
  5 water moccasins
  2 ice beasts (D:6)
  Duvessa (D:7)
  3 orc warriors
  An ogre (D:6)
  A black bear (D:8)
  20 wolves
  3 centaurs
  4 lemures
  2 kobold brigands
  Blork the orc (D:5)
  8 bullfrogs
  A gnoll sergeant (D:9)
  3 scorpions
  5 wights
  Dowan (D:7)
  10 killer bees
  An electric eel (Lair:1)
  2 jellies
  3 hounds
  4 orc priests
  A gnoll bouda (D:7)
  Crazy Yiuf (D:7)
  2 iguanas
  11 orc wizards
  7 gnolls
  5 adders
  2 shadow imps (D:7)
  A white imp (D:5)
  2 worms (D:3)
  4 dart slugs
  35 orcs
  2 bats (D:2)
  4 endoplasms
  9 giant cockroaches
  9 goblins
  9 hobgoblins
  3 jackals (D:2)
  11 kobolds
  4 quokkas
  2 ball pythons
  2 frilled lizards
  8 rats
325 creatures vanquished.

Vanquished Creatures (others)
  8 fulminant prisms
  7 fungi
  21 plants
36 creatures vanquished.

Grand Total: 361 creatures vanquished

Notes
Turn   | Place    | Note
-------+----------+-------------------------------------------
     0 | D:1      | hikkokomori the Draconian Conjurer began the quest for the
                  | Orb.
     0 | D:1      | Reached XP level 1. HP: 14/14 MP: 3/3
   247 | D:1      | Reached XP level 2. HP: 20/20 MP: 1/5
   353 | D:1      | Learned a level 2 spell: Searing Ray
  1032 | D:1      | Found a faded altar of an unknown god.
  1149 | D:1      | Reached XP level 3. HP: 26/26 MP: 0/6
  2299 | D:2      | Learned a level 3 spell: Mephitic Cloud
  2367 | D:2      | Reached XP level 4. HP: 33/33 MP: 7/7
  2371 | D:2      | Got the Elucidation of the Boggart
  2501 | D:3      | Found Gidaraol's Book Boutique.
  2725 | D:3      | Reached skill level 1 in Fighting
  2817 | D:3      | Reached skill level 5 in Conjurations
  2818 | D:3      | Reached skill level 1 in Poison Magic
  2905 | D:4      | Found a sacrificial altar of Ru.
  2920 | D:4      | Reached XP level 5. HP: 36/40 MP: 8/8
  3523 | D:4      | Reached skill level 2 in Fighting
  3690 | D:5      | Entered Level 5 of the Dungeon
  3691 | D:5      | Noticed Sigmund
  3726 | D:4      | Reached XP level 6. HP: 38/48 MP: 9/9
  4033 | D:5      | Found a glowing silver altar of Zin.
  4084 | D:5      | Killed Sigmund
  4085 | D:5      | Reached skill level 3 in Fighting
  4085 | D:5      | Your scales start taking on a lurid green colour.
  4085 | D:5      | Reached XP level 7. HP: 54/57 MP: 10/10
  4085 | D:5      | Gained mutation: Your system is resistant to poisons.
                  | (rPois) [Green Draconian growth]
  4098 | D:5      | Noticed Blork the orc
  4110 | D:5      | Killed Blork the orc
  4165 | D:3      | Bought a Young Poisoner's Handbook for 220 gold pieces
  4170 | D:3      | Learned a level 4 spell: Olgreb's Toxic Radiance
  4805 | D:6      | Reached skill level 4 in Fighting
  4805 | D:6      | Reached skill level 5 in Stealth
  4900 | D:6      | Reached skill level 5 in Poison Magic
  5095 | D:6      | Reached XP level 8. HP: 67/67 MP: 5/11
  5243 | D:6      | Reached skill level 5 in Fighting
  5322 | D:6      | Noticed a two-headed ogre
  5337 | D:6      | Killed a two-headed ogre
  5644 | D:6      | Reached skill level 6 in Fighting
  5777 | D:6      | Reached XP level 9. HP: 75/75 MP: 14/14
  5777 | D:6      | Upgraded the game from 0.30-a0-830-gfe289a77b0 to
                  | 0.30-a0-840-ga523dec638
  6070 | D:7      | Found a staircase to the Ecumenical Temple.
  6092 | D:7      | Noticed Pikel
  6093 | D:7      | Noticed Prince Ribbit
  6684 | D:7      | Killed Prince Ribbit
  6845 | D:7      | Killed Pikel
  6846 | D:7      | Reached skill level 7 in Fighting
  7070 | D:7      | Noticed Duvessa
  7074 | D:7      | Noticed Dowan
  7079 | D:7      | Killed Duvessa
  7080 | D:7      | Reached skill level 5 in Spellcasting
  7085 | D:7      | Killed Dowan
  7136 | D:7      | Identified the +11 hammer of the Stopping Gods {venom,
                  | SInv}
  7408 | D:7      | Found a runed translucent door.
  7409 | D:7      | Noticed Crazy Yiuf
  7437 | D:7      | Killed Crazy Yiuf
  7482 | D:7      | Identified the +2 hammer of Dried Tears {elec, rF+ Will+
                  | Str+3 Stlth+}
  7796 | D:8      | Found a hide-covered altar of Uskayaw.
  7929 | Temple   | Entered the Ecumenical Temple
  8000 | Temple   | Became a worshipper of Vehumet
  8525 | D:8      | Reached XP level 10. HP: 78/88 MP: 9/18
  8701 | D:8      | Reached skill level 8 in Fighting
  9000 | D:8      | Found a staircase to the Lair.
  9282 | D:8      | Reached XP level 11. HP: 94/94 MP: 18/22
  9358 | D:9      | Identified the +9 dagger of Flawed Execution {freeze, Str+3
                  | Dex+4}
  9747 | D:9      | Learned a level 4 spell: Fulminant Prism
  9757 | D:9      | Reached * piety under Vehumet
  9757 | D:9      | Offered knowledge of Foxfire by Vehumet.
  9762 | D:9      | Identified a scroll of acquirement
  9762 | D:9      | Acquired the ring of the Fool {rElec Will+ Str+3}
 10292 | D:9      | Reached skill level 1 in Maces & Flails
 10517 | D:9      | Learned a level 4 spell: Iskenderun's Mystic Blast
 10564 | D:10     | Entered Level 10 of the Dungeon
 10564 | D:10     | Noticed a two-headed ogre
 10568 | D:10     | Killed a two-headed ogre
 10595 | D:10     | Noticed a two-headed ogre
 10604 | D:10     | Killed a two-headed ogre
 10605 | D:10     | Reached skill level 1 in Hexes
 10808 | D:10     | Found a staircase to the Orcish Mines.
 11007 | D:10     | Offered knowledge of Sandblast by Vehumet.
 11164 | D:10     | Learned a level 1 spell: Sandblast
 11170 | D:10     | Reached ** piety under Vehumet
 11180 | D:10     | Reached skill level 9 in Fighting
 11274 | D:10     | Reached skill level 1 in Earth Magic
 11452 | D:10     | Reached XP level 12. HP: 99/104 MP: 24/24
 11787 | D:10     | Noticed Maggie
 11794 | D:10     | Killed Maggie
 11847 | Lair:1   | Entered Level 1 of the Lair of Beasts
 12214 | Lair:1   | Noticed Joseph
 12223 | Lair:1   | Killed Joseph
 12422 | Lair:1   | Reached skill level 1 in Shields
 12472 | Lair:1   | You fall into a shaft and drop 1 floor!
 13272 | Lair:2   | Noticed Gastronok
 13294 | Lair:2   | Killed Gastronok
 13406 | Lair:2   | Noticed Erica
 13410 | Lair:2   | Offered knowledge of Static Discharge by Vehumet.
 13416 | Lair:2   | Killed Erica
 13500 | Lair:2   | Reached skill level 5 in Maces & Flails
 13575 | Lair:2   | Found a hole to the Spider Nest.
 13745 | Lair:2   | Noticed Amaemon
 13751 | Lair:2   | Reached *** piety under Vehumet
 13765 | Lair:2   | Killed Amaemon
 14134 | Lair:3   | Noticed a four-headed hydra
 14143 | Lair:3   | Killed a four-headed hydra
 14144 | Lair:3   | Reached skill level 5 in Hexes
 14325 | Lair:3   | Noticed a boulder beetle
 14335 | Lair:3   | Killed a boulder beetle
 14351 | Lair:3   | Reached XP level 13. HP: 108/111 MP: 14/25
 14355 | Lair:3   | Found a frozen archway.
 14372 | IceCv    | Entered an ice cave
 14469 | IceCv    | Offered knowledge of Airstrike by Vehumet.
 14664 | IceCv    | Reached skill level 5 in Shields
 14762 | IceCv    | Reached skill level 10 in Fighting
 14765 | IceCv    | Reached **** piety under Vehumet
 15026 | IceCv    | Offered knowledge of Irradiate by Vehumet.
 15257 | IceCv    | Engulfed by a cloud of freezing vapour

Illustrated notes

Levels and vault maps discovered:
D:1:      dpeg_arrival_simpleton_a, layout_basic,
          ebering_ecumenical_altar_abandoned, hangedman_decor_clover_reticule
D:2:      layout_basic, kennysheep_cross_bottleneck
D:3:      layout_rooms, serial_shops, nicolae_shop_stone
D:4:      layout_basic, nicolae_ru_great_annihilating_truth
D:5:      nicolae_cairo_tiling_very_big, layout_basic, general_overflow_altar,
          lemuel_flamethrower_2, uniq_sigmund, uniq_blork_the_orc
D:6:      layout_basic, kennysheep_generic_room_3
D:7:      layout_cave_pools, minmay_temple_entry_sparse_star, uniq_pikel,
          uniq_crazy_yiuf_cottage, uniq_duvessa, uniq_prince_ribbit1
D:8:      black_bear_nest_1, layout_loops_corners,
          mainiacjoe_overflow_small_starburst, lair_entry_dummy
D:9:      minmay_cornered_nines, layout_irregular_city
D:10:     layout_loops_corners, david_orc_1_choice,
          hangedman_abyss_or_decor_stagger, st_stairs_14, minivault_20,
          the_hattery, uniq_maggie
Temple:   hellmonk_temple_of_storms
Lair:1:   minmay_lair_oklob_chamber, layout_hall_layers, wad_woods_river_04,
          infiniplex_staircase_pool, uniq_joseph
Lair:2:   layout_concentric_octagons, nicolae_spider_entry_orb_guardian,
          uniq_gastronok, uniq_erica, uniq_amaemon
Lair:3:   layout_long_grid, minmay_swamp_entry_eels, portal_ice_cave_rime,
          minivault_24, nicolae_lair_grove_arrangements,
          infiniplex_staircase_pool_2
IceCv:    ice_cave_caverns_02

Skill      XL: |  1  2  3  4  5  6  7  8  9 10 11 12 13 |
---------------+----------------------------------------+-----
Stealth        | 2 3 4 5 6 7 |  7.7
Fighting       | 1 2 3 4 6 7 8 9 10 | 10.3
Conjurations   | 5 6 8 |  8.5
Poison Magic   | 1 2 3 5 6 9 |  9.0
Spellcasting   | 3 5 7 8 |  8.9
Dodging        | 4 6 7 |  7.5
Maces & Flails | 3 6 7 |  7.0
Hexes          | 2 5 |  5.0
Earth Magic    | 1 4 |  4.9
Shields        | 4 5 |  5.7

Action                     |  1- 3 |  4- 6 |  7- 9 | 10-12 | 13-15 || total
---------------------------+-------+-------+-------+-------+-------++-------
  Melee: Unarmed           |    22 |       |       |       |       ||    22
         Tailslap          |     7 |    15 |    43 |    72 |    36 ||   173
         Short sword       |    44 |    95 |   169 |       |       ||   308
         Punch             |       |     1 |     5 |     3 |       ||     9
         Long sword        |       |       |    27 |       |       ||    27
         Mace              |       |       |    24 |   342 |   176 ||   542
         Dagger            |       |       |     3 |       |       ||     3
         Falchion          |       |       |     2 |       |       ||     2
   Cast: Magic Dart        |    71 |    11 |    23 |     2 |       ||   107
         Searing Ray       |       |     3 |    17 |     8 |       ||    28
         Mephitic Cloud    |       |       |     7 |    14 |       ||    21
         Olgreb's Toxic Ra |       |       |     8 |    40 |    10 ||    58
         Fulminant Prism   |       |       |       |     8 |       ||     8
         Sandblast         |       |       |       |     5 |       ||     5
         Iskenderun's Myst |       |       |       |     2 |       ||     2
Ability: Breathe Noxious F |       |       |     7 |     6 |     1 ||    14
  Evoke: Wand              |       |       |     2 |     3 |       ||     5
    Use: Scroll            |       |     8 |     6 |    11 |       ||    25
         Potion            |       |       |     2 |     1 |       ||     3
   Stab: Sleeping          |     2 |     6 |     4 |     5 |     1 ||    18
         Paralysed         |       |     1 |       |       |       ||     1
         Confused          |       |       |     3 |     7 |       ||    10
         Distracted        |       |       |       |       |     2 ||     2
 Armour: Skin              |    28 |    48 |    77 |   102 |    54 ||   309
  Dodge: Dodged            |    47 |    60 |   244 |   388 |   185 ||   924
  Block: Other             |       |       |    13 |   111 |       ||   124
         Reflection        |       |       |       |     2 |     1 ||     3
         Buckler           |       |       |       |    11 |   138 ||   149

Table legend: (Time is in decaauts)
 A = Elapsed time spent in this place.
 B = Non-inter-level travel time spent in this place.
 C = Inter-level travel time spent in this place.
 D = Time resting spent in this place.
 E = Time spent auto-exploring this place.
 F = Levels seen in this place.
 G = Mean time per level.
                   A        B        C        D        E       F      G
               +--------+--------+--------+--------+--------+-----+--------+
         Total |  15424 |  14543 |    881 |    955 |  10309 |  15 | 1028.3 |
       Dungeon |  11889 |  11226 |    663 |    712 |   8286 |  10 | 1188.9 |
        Temple |     80 |     35 |     45 |      0 |     18 |   1 |   80.0 |
          Lair |   2543 |   2371 |    172 |      0 |   1706 |   3 |  847.7 |
      Ice Cave |    910 |    910 |      0 |    243 |    298 |   1 |  910.0 |
               +--------+--------+--------+--------+--------+-----+--------+

Top non-repeatable levels by time:
     D:6: 1706 daAuts
     D:8: 1515 daAuts
  Lair:1: 1344 daAuts
     D:1: 1322 daAuts
     D:7: 1304 daAuts
     D:9: 1293 daAuts
    D:10: 1289 daAuts
     D:2: 1068 daAuts
     D:4: 1004 daAuts
  Lair:2: 951 daAuts
   IceCv: 910 daAuts
     D:5: 847 daAuts
     D:3: 538 daAuts
  Lair:3: 247 daAuts
  Temple: 80 daAuts
